 Dungeon Crawl Stone Soup version 0.22-a0-161-g198051c (webtiles) character file.

79 wolfsongas the Ruffian (level 4, -2/33 HPs)
             Began as an Octopode Fighter on Feb 10, 2018.
             Was an Initiate of Okawaru.
             Slain by a gnoll
             ... wielding a +0 halberd
              (13 damage)
             ... on level 3 of the Dungeon.
             The game lasted 00:03:09 (1807 turns).

wolfsongas the Ruffian (Octopode Fighter)           Turns: 1807, Time: 00:03:10

Health: -2/33      AC:  1    Str: 15    XL:     4   Next: 38%
Magic:  4/4        EV: 11    Int: 10    God:    Okawaru [......]
Gold:   53         SH:  8    Dex: 12    Spells: 3/3 levels left

rFire    x . .     SeeInvis .     - Unarmed
rCold    + . .     Gourm    .   a - +0 shield
rNeg     . . .     Faith    .   (helmet restricted)
rPois    .         Spirit   .   (no amulet)
rElec    .         Reflect  .   j - ring of ice
rCorr    .         Harm     .   (no ring)
MR       .....                  (no ring)
Stlth    ++........             (no ring)
HPRegen  0.11/turn              (no ring)
MPRegen  0.09/turn              (no ring)
                                (no ring)
                                (no ring)

@: no status effects
A: almost no armour, stealthy swim, amphibious, 8 rings, constrict 8, camouflage
1, gelatinous body 1
a: Renounce Religion


You were on level 3 of the Dungeon.
You worshipped Okawaru.
Okawaru was noncommittal.
You were not hungry.

You visited 1 branch of the dungeon, and saw 3 of its levels.

You collected 53 gold pieces.

Inventory:

Armour
 a - a +0 shield (worn)
Jewellery
 j - a ring of ice (left tentacle)
Scrolls
 g - 2 scrolls of remove curse
Potions
 b - a potion of might
 e - a potion of lignification
 h - a potion of haste
Comestibles
 c - 3 rations
 d - 2 chunks of flesh


   Skills:
 + Level 3.7 Fighting
 - Level 3.0 Dodging
 - Level 3.0 Shields
 * Level 3.8 Unarmed Combat


You had 3 spell levels left.
You didn't know any spells.

Dungeon Overview and Level Annotations

Branches:
Dungeon (3/15)

Altars:
Okawaru


Innate Abilities, Weirdness & Mutations

You cannot wear most types of armour.
You are very stealthy in the water. (Stealth+)
You are amphibious.
You can wear up to eight rings at the same time.
You can use your tentacles to constrict eight enemies at once.
Your skin changes colour to match your surroundings (Stealth+).
Your rubbery body absorbs attacks. (AC +1, EV +1)


Message History

A ball python comes into view.
A worm and 2 gnolls come into view.
The gnoll shouts!
The gnoll hits you with a flail!
Found a ration and a glowing long sword.
You see here a scroll labeled MEWUOT MIOT.
You tentacle-slap the gnoll. You grab the gnoll.
The gnoll is moderately wounded.
You constrict the gnoll. The gnoll hits you but does no damage.
The gnoll hits you with a flail. The ball python bites you.
You block the ball python's attack.
You tentacle-slap the gnoll. You squeeze the gnoll.
The gnoll is almost dead.
You constrict the gnoll.
The ball python bites you but does no damage.
The ball python closely misses you.
The gnoll hits you from afar with a halberd!
You block the gnoll's attack.
The gnoll hits you from afar with a halberd!
You die...

#.##.......#.#
.>######.#.#.#
### #.....#
###.### # #.#
# #.# #
#.#######
#.......#
#######@#
#).%gS.#
#.#g.g..#
........#
#.w......#
#........#
#.#.....##
#......##


You could see a worm, 3 gnolls and a ball python.

Vanquished Creatures
  3 adders
  An ooze (D:1)
  A dart slug (D:3)
  A leopard gecko (D:2)
  An orc (D:3)
  2 giant cockroaches
  5 hobgoblins (D:1)
  6 kobolds
  2 quokkas
  A ball python (D:2)
  A bat (D:2)
  5 frilled lizards
  9 goblins
  6 rats
44 creatures vanquished.

Notes
Turn   | Place    | Note
-------+----------+-------------------------------------------
     0 | D:1      | wolfsongas the Octopode Fighter began the quest for the Orb.
     0 | D:1      | Reached XP level 1. HP: 16/16 MP: 1/1
    86 | D:1      | Reached XP level 2. HP: 21/21 MP: 2/2
   852 | D:2      | Reached XP level 3. HP: 26/26 MP: 3/3
  1140 | D:2      | Found an iron altar of Okawaru.
  1158 | D:2      | Became a worshipper of Warmaster Okawaru
  1285 | D:2      | Reached XP level 4. HP: 32/32 MP: 4/4
  1807 | D:3      | Slain by a gnoll

Vault maps used:
D:1:      denvon_arrival_planthouse
D:2:      kennysheep_okawaru_gauntlet, first_ration
D:3:      minmay_misc_feat_columns

Skill      XL: |  1  2 |
---------------+-------+-----
Unarmed Combat | 3 |  3.8
Fighting       | |  3.7
Dodging        | |  3.0
Shields        | |  3.0

Action                   |  1- 3 |  4- 6 || total
-------------------------+-------+-------++-------
Melee: Unarmed           |    66 |    24 ||    90
       Tentacles         |    14 |     4 ||    18
       Constrict         |    17 |     4 ||    21
  Use: Scroll            |     7 |     1 ||     8
       Potion            |     1 |     3 ||     4
 Stab: Sleeping          |     4 |     2 ||     6
       Distracted        |     1 |       ||     1
  Eat: Chunk             |     1 |     2 ||     3
       Ration            |       |     1 ||     1
Armor: Skin              |       |     2 ||     2
Dodge: Dodged            |    23 |     8 ||    31
Block: Shield            |    16 |     4 ||    20

Table legend:
 A = Spawn XP
 B = Non-spawn XP
 C = Spawn XP percentage of total XP
 D = Spawn monster count
 E = Non-spawn monster count
 F = Spawn count percentage of total count
 G = Total turns spent on level
                    A         B        C        D         E        F      G
               +---------+---------+-------+---------+---------+-------+---------
         Total |       0 |     114 |   0.0 |       0 |      44 |   0.0 |  1807
               +---------+---------+-------+---------+---------+-------+---------
           D:1 |       0 |      33 |   0.0 |       0 |      18 |   0.0 |   819
           D:2 |       0 |      55 |   0.0 |       0 |      20 |   0.0 |   684
           D:3 |       0 |      26 |   0.0 |       0 |       6 |   0.0 |   304
               +---------+---------+-------+---------+---------+-------+---------
